Map: Catalyst LE

Players

A.I. 1 (Very Easy)

  • Race: Protoss Protoss
  • Spawn Location: 5:00

xprtN - Winner!

  • Race: Protoss Protoss
  • League: Diamond
  • Spawn Location: 11:00

VOD

Have the link to the VOD?

Description

Time

  • Played on: Dec. 4, 2020, 7:20 a.m.
  • Length: 10:23
Show
View Real Time Build Order
Export as new Build Order

A.I. 1 (Very Easy) Protoss 

Build Orders:  

Get SALT Encoding   

  12  0:00  Probe  
  13  0:13  Probe  
  14  0:19  Pylon  
  14  0:36  Assimilator  
  14  0:42  Gateway  
  14  0:47  Pylon  
  14  1:15  Assimilator  
  14  1:25  Probe  
  14  1:31  Zealot  
  17  1:33  Probe  
  17  1:34  Cybernetics Core  
  18  1:41  Probe  
  19  1:51  Probe  
  20  2:00  Warp Gate  
  20  2:01  Probe  
  21  2:09  Probe  
  22  2:44  Stalker  
  24  7:15  Probe  
  24  7:21  Adept  
  24  7:22  Pylon  
  27  7:23  Robotics Facility  
  27  7:28  Nexus  
  23  8:06  Observer  
  24  8:17  Zealot  
  26  8:20  Observer  
  27  8:39  Probe  
  28  8:48  Probe  
  29  8:50  Assimilator  
  29  8:51  Probe  
  29  8:52  Assimilator  
  30  9:02  Probe  
  31  9:09  Probe  
  32  9:14  Stalker  
  32  9:17  Probe  
  35  9:24  Probe  
  36  9:27  Probe  
  37  9:38  Probe  
  34  9:42  Stalker  
  18  9:53  Pylon, Probe  
  19  10:05  Pylon  
  17  10:11  Zealot  
Show
View Real Time Build Order
Export as new Build Order

xprtN Protoss - Winner!

Build Orders: Phoenix Opening, Archon Immortal 

Get SALT Encoding   

  12  0:00  Probe  
  13  0:12  Probe  
  14  0:17  Pylon  
  14  0:25  Probe (Chrono Boost)  
  15  0:37  Probe (Chrono Boost)  
  15  0:38  Gateway  
  16  0:46  Probe (Chrono Boost)  
  16  0:47  Assimilator  
  17  0:51  Probe  
  17  0:55  Assimilator  
  18  1:03  Probe (Chrono Boost)  
  19  1:09  Gateway  
  19  1:13  Probe (Chrono Boost)  
  20  1:18  Probe  
  21  1:26  Cybernetics Core  
  21  1:31  Probe  
  22  1:37  Pylon  
  22  1:43  Probe  
  23  1:55  Probe  
  24  2:02  Sentry, Stalker  
  24  2:03  Warp Gate  
  28  2:13  Pylon  
  28  2:31  Nexus  
  28  2:41  Stargate  
  28  2:51  Stalker  
  30  2:56  Stalker  
  32  3:05  Shield Battery  
  32  3:09  Probe  
  33  3:14  Shield Battery  
  33  3:23  Probe  
  33  3:25  Phoenix (Chrono Boost)  
  36  3:35  Probe  
  36  3:41  Phoenix (Chrono Boost)  
  39  3:48  Probe  
  39  3:49  Probe  
  41  3:58  Phoenix (Chrono Boost)  
  41  4:01  Probe (Chrono Boost)  
  44  4:03  Robotics Facility  
  44  4:06  Probe (Chrono Boost)  
  47  4:18  Pylon, Probe x2 (Chrono Boost)  
  47  4:20  Phoenix (Chrono Boost)  
  47  4:23  Probe (Chrono Boost)  
  49  4:25  Probe  
  51  4:32  Assimilator  
  51  4:33  Probe  
  51  4:35  Assimilator  
  51  4:38  Probe  
  53  4:42  Forge  
  53  4:45  Probe  
  54  4:50  Probe  
  54  4:51  Observer  
  56  4:52  Pylon  
  56  4:57  Probe  
  57  5:02  Probe  
  58  5:09  Probe  
  58  5:10  Immortal (Chrono Boost), Protoss Ground Weapons Level 1 (Chrono Boost)  
  64  5:14  Probe  
  64  5:21  Probe  
  64  5:23  Pylon  
  64  5:25  Twilight Council  
  65  5:29  Probe  
  66  5:42  Immortal  
  70  5:46  Gateway  
  70  5:48  Gateway  
  70  6:00  Pylon  
  70  6:02  Charge  
  70  6:05  Templar Archives  
  70  6:07  Gateway  
  70  6:08  Gateway  
  70  6:21  Immortal, Pylon  
  74  6:32  Nexus  
  74  6:38  Probe x2  
  76  6:40  Pylon  
  76  6:44  High Templar x2  
  80  6:50  Probe x2  
  80  6:52  Archon  
  82  6:55  Shield Battery  
  82  6:59  Protoss Ground Weapons Level 2 (Chrono Boost)  
  82  7:03  Probe  
  82  7:04  Immortal  
  87  7:14  Gateway, Probe  
  87  7:15  Gateway  
  88  7:16  Probe  
  88  7:22  High Templar x2  
  93  7:30  Gateway  
  93  7:32  Gateway, Probe  
  93  7:34  Archon  
  94  7:37  Probe  
  94  7:42  Photon Cannon, Pylon  
  95  7:47  Warp Prism  
  95  7:50  Probe  
  95  7:51  Probe  
  99  8:01  High Templar x2  
  99  8:02  Probe x2  
  105  8:06  Pylon  
  105  8:15  Pylon  
  105  8:17  Nexus  
  105  8:20  Gateway  
  105  8:22  Gateway  
  105  8:24  High Templar  
  105  8:25  High Templar  
  109  8:35  Photon Cannon  
  109  8:43  Zealot x6  
  109  8:45  High Templar  
  109  8:46  High Templar  
  125  8:54  Shield Battery  
  125  8:57  Archon  
  125  8:58  Archon  
  125  9:03  High Templar  
  125  9:05  Zealot x2  
  125  9:06  Zealot x4  
  139  9:10  Archon  
  139  9:14  High Templar  
  141  9:20  Pylon  
  141  9:21  Archon  
  141  9:35  Zealot x4  
  141  9:36  Zealot x3  
  155  9:39  Zealot  
  155  9:40  Zealot x3  
Tags
 
Composition
Archon Immortal
League
Diamond
Matchup
PvP
Spawn Locations
Cross Positions
Add a new tag
Caveats
  • Supply blocks, unpowered buildings, or Contaminate may cause inaccurate times.
  • Supply counts are checked every 10 seconds.